 Dungeon Sprint DCSS version 0.23.2-1-ga50397a (webtiles) character file.

Game seed: 2012574614783760828

34 Kahibar the Skirmisher (level 3, -1/36 HPs)
             Began as a Hill Orc Fighter on May 11, 2019.
             Succumbed to a killer bee's poison
             ... in the Dungeon (Sprint IV: "Fedhas' Mad Dash").
             The game lasted 00:04:43 (477 turns).

Kahibar the Skirmisher (Hill Orc Fighter)            Turns: 477, Time: 00:04:44

Health: -1/36      AC:  7    Str: 18    XL:     3   Next: 31%
Magic:  3/3        EV:  7    Int:  8    God:
Gold:   34         SH:  9    Dex: 11    Spells: 2/2 levels left

rFire    . . .     SeeInvis .   a - +0 war axe
rCold    . . .     Gourm    .   c - +0 shield
rNeg     . . .     Faith    .   b - +0 scale mail
rPois    .         Spirit   .   (no helmet)
rElec    .         Reflect  .   (no cloak)
rCorr    .         Harm     .   (no gloves)
MR       .....     NoTele   +   (no boots)
Stlth    ..........             (no amulet)
HPRegen  0.12/turn              (no ring)
MPRegen  0.08/turn              (no ring)

@: lethally poisoned (-1 -> -16)
A: no striking features
a: no special abilities


You were in the Dungeon.
You were not hungry.

You visited 1 branch You collected 34 gold pieces.

Inventory:

Hand Weapons
 a - a +0 war axe (weapon)
Armour
 b - a +0 scale mail (worn)
 c - a +0 shield (worn)
Jewellery
 h - the amulet of invisibility {+Inv}
   (You found it in the Dungeon)

   [amulet of nothing]

   It lets you turn invisible.
Scrolls
 g - a scroll of enchant weapon {unknown}
 k - a scroll of blinking
 l - a scroll of remove curse {unknown}
Potions
 d - a potion of might
 e - a potion of curing
 i - 2 potions of magic
 j - a potion of berserk rage
Comestibles
 f - a ration


   Skills:
 + Level 5.4 Fighting
 + Level 3.9 Axes
 + Level 4.9 Armour
 + Level 0.1 Stealth
 + Level 4.9 Shields


You had 2 spell levels left.
You didn't know any spells.
Your spell library was empty.

Dungeon Overview and Level Annotations

Branches:
Dungeon (1/1)

Altars:
Cheibriados
Gozag
Hepliaklqana
Makhleb
Nemelex Xobeh
Ru
Sif Muna
Trog
Wu Jian
Xom
Yredelemnul
Beogh
Jiyva

Annotations:
D exclusion: 3 oklob saplings


Message History

Press: ? - help, Dir - move target cursor, f - you, p - killer bee You can't blink onto the killer bee!
Blink to where?
Press: ? - help, Dir - move target cursor, f - you, p - killer bee You can't blink onto the killer bee!
Blink to where?
Press: ? - help, Dir - move target cursor, f - you, p - killer bee
Okay, then.
Unknown command.
Okay, then.
Unknown command.
You are too injured to fight recklessly!
There is a lethal amount of poison in your body!
You feel sick. The killer bee stings you. The killer bee closely misses you.
You block the killer bee's attack. The killer bee stings you.
* * * LOW HITPOINT WARNING * * *
The killer bee stings you.
* * * LOW HITPOINT WARNING * * *
The killer bee stings you but does no damage.
You die...

#########################
#<..P#.....#.$.†.#.⌠._._.
#PP..'.....'.#...'.._._._
#PPPP#.....#P#...#..._._P
###############'##.._._._
#...♣..yy....'...#._._._.
#%.....♣yy...#$P$########
♣y@♣..###### #+#####


You could see a queen bee and 4 killer bees.

Vanquished Creatures
  A worker ant (D)
  A river rat (D)
  A rat (D)
3 creatures vanquished.

Notes
Turn   | Place    | Note
-------+----------+-------------------------------------------
     0 | D        | Kahibar the Hill Orc Fighter began the quest for the Orb.
     0 | D        | Reached XP level 1. HP: 19/19 MP: 1/1
    12 | D        | Reached skill level 4 in Fighting
    12 | D        | Reached XP level 2. HP: 7/28 MP: 2/2
   246 | D        | Noticed an oklob sapling
   249 | D        | Found the amulet of invisibility {+Inv}
   258 | D        | Reached skill level 5 in Fighting
   258 | D        | Reached XP level 3. HP: 36/36 MP: 3/3
   282 | D        | Found an opulent altar of Gozag.
   282 | D        | Found a hazy altar of Hepliaklqana.
   282 | D        | Found a burning altar of Makhleb.
   282 | D        | Found a roughly hewn altar of Beogh.
   282 | D        | Found a sparkling altar of Nemelex Xobeh.
   282 | D        | Found a snail-covered altar of Cheibriados.
   282 | D        | Found a sacrificial altar of Ru.
   282 | D        | Found a deep blue altar of Sif Muna.
   282 | D        | Found a shimmering altar of Xom.
   282 | D        | Found a basalt altar of Yredelemnul.
   283 | D        | Found a viscous altar of Jiyva.
   283 | D        | Found a bloodstained altar of Trog.
   283 | D        | Found an ornate altar of the Wu Jian Council.
   283 | D        | Noticed an oklob sapling priest
   287 | D        | Noticed an oklob sapling
   471 | D        | Noticed a killer bee
   471 | D        | Noticed a killer bee
   471 | D        | Noticed a queen bee
   471 | D        | Noticed a killer bee
   471 | D        | Noticed a killer bee
   476 | D        | HP: 1/36 [killer bee (4)]
   477 | D        | Succumbed to a killer bee's poison

Skill      XL: |  1  2 |
---------------+-------+-----
Fighting       | 4 5 |  5.4
Axes           | 3 |  3.9
Armour         | 4 |  4.9
Shields        | 4 |  4.9
Stealth        | |  0.1

Action                   || total
-------------------------++-------
Melee: War axe           ||    13
  Use: Potion            ||     2
Armor: Scale mail        ||     7
Dodge: Dodged            ||     7
Block: Shield            ||     7
